 Dungeon Crawl Stone Soup version 0.25-a0-398-g1920f1ac21 (webtiles) character file.

Game seed: 9669361453919560485, levelgen mode: deterministic

1190 Napalmbreeze the Poker (level 8, -1/61 HPs)
             Began as a Merfolk Skald on Jan 8, 2020.
             Splashed by a gnoll shaman's acid (15 damage)
             ... on level 5 of the Dungeon.
             The game lasted 00:15:20 (5349 turns).

Napalmbreeze the Poker (Merfolk Skald)              Turns: 5349, Time: 00:15:20

Health: -1/61      AC:  1    Str: 18    XL:     8   Next: 43%
Magic:  11/13      EV: 13    Int: 14    God:
Gold:   160        SH:  0    Dex: 13    Spells: 6/14 levels left

rFire    . . .     SeeInvis .   t - +5 trident
rCold    . . .     Gourm    .   (no shield)
rNeg     + . .     Faith    .   b - +0 leather armour
rPois    .         Spirit   .   q - +1 helmet of Entitlement {+Blink rN+ Str+6}
rElec    .         Reflect  .   (no cloak)
rCorr    .         Harm     .   (no gloves)
MR       .....                  (no boots)
Stlth    +.........             g - amulet of rage
HPRegen  0.20/turn              (no ring)
MPRegen  0.13/turn              (no ring)

@: corroded
A: change form in water, swift swim, stealthy swim
a: Evoke Blink, Evoke Berserk Rage


You were on level 5 of the Dungeon.
You were not hungry.

You visited 1 branch of the dungeon, and saw 5 of its levels.

You collected 160 gold pieces.

Inventory:

Hand Weapons
 t - a +5 trident (weapon)
Armour
 b - a +0 leather armour (worn)
 h - a +0 ring mail
 q - the +1 helmet of Entitlement (worn) {+Blink rN+ Str+6}
   (You found it on level 4 of the Dungeon)

   It affects your strength (+6).
   It protects you from negative energy.
   It lets you blink.
Jewellery
 a - a cursed -2 ring of intelligence {unknown}
 g - an amulet of rage (around neck)
 m - an uncursed ring of fire
Wands
 p - a wand of iceblast (14)
Scrolls
 i - a scroll of identify
 k - 2 scrolls of immolation
 n - 2 scrolls of blinking {unknown}
 r - a scroll of random uselessness {unknown}
Potions
 c - a potion of resistance {unknown}
 e - 3 potions of curing
 f - a potion of degeneration {unknown}
 j - a potion of cancellation {unknown}
 o - 2 potions of heal wounds {unknown}
Comestibles
 d - 4 rations


   Skills:
 + Level 4.6 Fighting
 + Level 6.7 Polearms
 - Level 0.6 Armour
 + Level 4.0 Dodging
 + Level 3.7 Spellcasting
 - Level 5.9 Hexes
 - Level 4.5 Charms


You had 6 spell levels left.
You knew the following spells:

 Your Spells              Type           Power        Failure   Level  Hunger
a - Infusion              Chrm           ###.         3%          1    None
d - Song of Slaying       Chrm           ###.....     5%          2    ##.....
q - Shroud of Golubria    Chrm/Tloc      #.....       14%         2    ##.....
s - Spectral Weapon       Hex/Chrm       ###.....     9%          3    ###....

Your spell library contained the following spells:

 Spells                   Type           Power        Failure   Level  Hunger
 Ozocubu's Armour         Chrm/Ice       #.......     28%         3    ###....


Dungeon Overview and Level Annotations

Branches:
Dungeon (5/15)
 Temple: D:4-7

Altars:
Ashenzari
Gozag
Kikubaaqudgha
Yredelemnul

Shops:
D:5 [


Message History

Press: ? - help, v - describe, . - travel
Here: a gnoll sergeant, wielding a +0 trident and wearing a +0 scale mail The floor.
Unknown command.
Unknown command.
Unknown command.
Okay, then.
Unknown command.
You swap places.
You see here a +0 flail.
You feel better.
The gnoll shaman hits your spectral weapon but does no damage.
Items here: )) †† a +0 flail; a +0 halberd; a gnoll corpse; a jackal corpse The gnoll shaman zaps a wand.
The bolt of acid misses your spectral weapon.
The bolt of acid hits you!
* * * LOW HITPOINT WARNING * * *
You are splashed with acid!
You die...

....#. #.......#####..
##..#.####.##.#.##...##.
#......##..##.#.##.∩.##.
##......_...(...##...##.
##.......(........#...#..
.........(....(..........
........(.((.(.(....(....
....................<....
####...@((............#.
######.(##......>......##
#....#.).###.....(.....#
#....#)g..#..##..###...#
''#....#.h.....##..# ......
..gg...g......##....###....
....h..........#.##.# ..#.
................. ..
''#....#.........


You could see a gnoll sergeant, a gnoll shaman, a jackal and a friendly spectral
+5 trident.

Vanquished Creatures
  Pikel (D:4)
  An ice beast (D:4)
  A slave (D:5)
  A sky beast (D:3)
  A centaur (D:5)
  A howler monkey (D:4)
  2 crimson imps (D:5)
  An orc priest (D:4)
  A hound (D:4)
  An orc wizard (D:4)
  2 worker ants (D:4)
  11 gnolls (D:5)
  3 adders
  An ooze (D:3)
  2 worms
  A dart slug (D:4)
  2 leopard geckos
  7 orcs
  10 bats
  2 bat zombies (D:2)
  3 giant cockroaches
  5 goblins
  7 hobgoblins
  9 jackals
  4 kobolds
  3 quokkas
  2 ball pythons
  10 frilled lizards
  A leopard gecko skeleton (D:5)
  6 rats
  3 rat zombies (D:2)
105 creatures vanquished.

Vanquished Creatures (others)
  A bullfrog zombie (D:5)
1 creature vanquished.

Grand Total: 106 creatures vanquished

Notes
Turn   | Place    | Note
-------+----------+-------------------------------------------
     0 | D:1      | Napalmbreeze the Merfolk Skald began the quest for the Orb.
     0 | D:1      | Reached XP level 1. HP: 16/16 MP: 3/3
   212 | D:1      | Reached XP level 2. HP: 18/23 MP: 3/5
   620 | D:1      | Learned a level 2 spell: Song of Slaying
   623 | D:1      | Learned a level 2 spell: Shroud of Golubria
   904 | D:2      | Reached XP level 3. HP: 28/28 MP: 6/6
  2036 | D:2      | Reached XP level 4. HP: 34/34 MP: 7/7
  2059 | D:2      | Reached skill level 4 in Polearms
  2136 | D:2      | Found an ancient bone altar of Kikubaaqudgha.
  2571 | D:3      | Noticed a sky beast
  2606 | D:2      | Learned a level 3 spell: Spectral Weapon
  3105 | D:3      | HP: 1/35 [something (6)]
  3115 | D:3      | Killed a sky beast
  3115 | D:3      | Reached XP level 5. HP: 10/41 MP: 2/9
  4030 | D:4      | Got a heavily runed helmet
  4041 | D:4      | Identified the +1 helmet of Entitlement {+Blink rN+ Str+6}
                  | (You found it on level 4 of the Dungeon)
  4103 | D:4      | Reached skill level 5 in Polearms
  4103 | D:4      | Reached XP level 6. HP: 32/48 MP: 3/10
  4330 | D:4      | Reached skill level 1 in Hexes
  4571 | D:4      | Noticed an ice beast
  4577 | D:4      | Killed an ice beast
  4577 | D:4      | Reached skill level 6 in Polearms
  4742 | D:4      | Found a shattered altar of Ashenzari.
  4742 | D:4      | Found a basalt altar of Yredelemnul.
  4768 | D:5      | Entered Level 5 of the Dungeon
  4768 | D:5      | Found Ferosuti's Antique Armour Boutique.
  4768 | D:5      | Noticed Pikel
  4768 | D:5      | Noticed a slave
  4768 | D:5      | Noticed a slave
  4769 | D:5      | Noticed a slave
  4774 | D:5      | Killed a slave
  4777 | D:5      | Noticed a slave
  4827 | D:4      | Killed Pikel
  4827 | D:4      | Reached skill level 5 in Hexes
  4827 | D:4      | Reached XP level 7. HP: 23/54 MP: 2/11
  4827 | D:4      | Reached XP level 8. HP: 26/60 MP: 2/12
  5034 | D:5      | Found an opulent altar of Gozag.
  5349 | D:5      | Splashed by a gnoll shaman's acid

Levels and vault maps discovered:
D:1:      nzn_arrival_depleted_hourglass, layout_basic
D:2:      layout_basic, lemuel_zombie_altar_kikubaaqudgha, minivault_11,
          roderic_lattice_a
D:3:      layout_loops_ring
D:4:      layout_cave_pools, amethyst_overflow_temple_binary, first_ration
D:5:      layout_cave_pools, overflow_temple_1_default,
          minmay_temple_entry_nine_rooms, serial_gnoll_camp,
          gnoll_camp_mini_shop, gnoll_camp_huts_basic, gnoll_camp_mini_house,
          gnoll_camp_mini_hut, gnoll_camp_medium_02, serial_shops, shop, shop,
          uniq_pikel

Skill      XL: |  1  2  3  4  5  6  7  8 |
---------------+-------------------------+-----
Dodging        | 3 4 |  4.0
Polearms       | 4 5 6 |  6.7
Fighting       | 3 4 |  4.6
Spellcasting   | 3 |  3.7
Charms         | 4 |  4.5
Hexes          | 5 |  5.9
Armour         | |  0.6

Action                   |  1- 3 |  4- 6 |  7- 9 || total
-------------------------+-------+-------+-------++-------
Melee: Spear             |   150 |   190 |       ||   340
       Trident           |       |    41 |    39 ||    80
 Cast: Infusion          |     8 |    10 |     1 ||    19
       Song of Slaying   |     2 |     3 |     1 ||     6
       Spectral Weapon   |       |     6 |     3 ||     9
       Shroud of Golubri |       |     1 |       ||     1
  Use: Potion            |       |     5 |     1 ||     6
       Scroll            |       |     1 |       ||     1
 Stab: Sleeping          |     2 |       |       ||     2
  Eat: Chunk             |     4 |     6 |       ||    10
       Ration            |       |     1 |     1 ||     2
Armor: Leather armour    |    30 |    48 |     9 ||    87
       Skin              |       |     1 |       ||     1
Dodge: Dodged            |    69 |   112 |    32 ||   213

Table legend:
 A = Non-vault XP
 B = Vault XP
 C = Vault XP percentage of total XP
 D = Non-vault monster count
 E = Vault monster count
 F = Vault count percentage of total count
                 A         B        C        D         E       F
            +---------+---------+-------+---------+---------+-------
      Total |     884 |     817 |  48.0 |      87 |      17 |  16.3
            +---------+---------+-------+---------+---------+-------
        D:1 |      17 |       0 |   0.0 |      12 |       0 |   0.0
        D:2 |      67 |       7 |   9.5 |      25 |       5 |  16.7
        D:3 |     181 |       0 |   0.0 |      26 |       0 |   0.0
        D:4 |     365 |     691 |  65.4 |      15 |       2 |  11.8
        D:5 |     254 |     119 |  31.9 |       9 |      10 |  52.6
            +---------+---------+-------+---------+---------+-------
